AoeStats
← Adivian

Northern Isles

510319123Analyzed
1v1 RM · 2d ago on Sep 30, 2026· 42m 18s· 2 players
Game mode
Random Map
Map size
Tiny (2 player)
Population
200
Speed
Normal
Resources
Standard
Victory
Conquest
Starting age
Dark Age
Ending age
Imperial Age
RankedLock teamsTeams togetherTeam positionsShared explorationLock speedFull tech treeHidden civsTurbo modeCheats
Victory
Defeat
🇨🇳 Spanish · China
842
+15
🇬🇧 Hindustanis · United Kingdom
814
-36
Adivian
8:54 Loom
11:04 Feudal Age
13:13 Fishing Lines
13:42 Double-Bit Axe
23:52 Castle Age
25:49 Medium Warships
29:29 Bloodlines
29:48 Gillnets
30:18 Clinker Construction
32:39 Wheelbarrow
31:53 Town Watch
32:00 Stone Mining
32:00 Gold Mining
33:53 Ballistics
38:19 Imperial Age
35:43 Horse Collar
38:33 Forging
38:30 Scale Barding Armor
39:07 Gold Shaft Mining
39:08 Stone Shaft Mining
38:41 Grand Trunk Road
39:41 Heavy Warships
39:32 Careening
43:23 Chemistry
915894585
0:30 Loom
14:14 Feudal Age
14:47 Fishing Lines
14:56 Double-Bit Axe
20:02 Castle Age
18:31 Man-at-Arms
19:11 Gold Mining
19:11 Stone Mining
19:59 Wheelbarrow
19:09 Town Watch
21:18 Bow Saw
21:29 Gillnets
21:49 Medium Warships
22:35 Horse Collar
24:16 Heavy Plow
29:48 Imperial Age
30:06 Hand Cart
31:01 Heavy Warships
31:41 Chemistry
31:02 Ballistics
33:30 Two-Man Saw
33:06 Town Patrol
33:31 Murder Holes
33:47 Fortified Wall
33:03 Elite Cannon Galleon
35:16 Pikeman
35:56 Squires
Connection lost

Rejoining the realm…

Still unreachable

The connection could not be restored.

Session expired

The server has moved on; the page needs a fresh start.